[Event "ETCC Open 2023"]
[Site "Budva"]
[Date "2023.11.11"]
[Round "1.37"]
[White "Sarana, Alexey"]
[Black "Gretarsson, Hjorvar Steinn"]
[Result "1-0"]
[ECO "D58"]
[WhiteElo "2669"]
[BlackElo "2518"]
[Annotator "TA"]
[PlyCount "145"]
[EventDate "2023.11.10"]
[EventType "team-tourn"]
[EventCountry "MNE"]
[SourceTitle "playchess.com"]
[Source "ChessBase"]
[SourceQuality "1"]
[WhiteTeam "Serbia"]
[BlackTeam "Iceland"]
[WhiteTeamCountry "SRB"]
[BlackTeamCountry "ISL"]
[TimeControl "40/5400+30:1800+30"]

1. d4 Nf6 2. c4 e6 3. Nf3 d5 4. Nc3 Be7 5. Bg5 h6 6. Bh4 O-O 7. e3 b6 8. Qc2 Bb7 9. Bxf6 Bxf6 10. cxd5 exd5 11. Rd1 {[%emt 0:00:04] seems to push 11.0-0-0 aside. D58: Queen's Gambit Declined: Tartakower Defence.} Nd7 12. g3 {[%emt 0:01:33] [#]} c5 $146 ({Predecessor:} 12... Re8 13. Bg2 a6 14. O-O Be7 15. Ne5 Nf6 16. Qb3 Qd6 17. e4 Rad8 18. a3 c5 19. Nxd5 Nxd5 {½-½ Grischuk,A (2732)-Erigaisi,A (2712) Tata Steel India blitz 2023 (4)}) 13. Bg2 {[%emt 0:10:14] The position is equal.} Re8 14. O-O Rc8 15. h4 Nf8 (15... b5 {is more complex.} 16. dxc5 Nxc5 17. Nxb5 Ba6) 16. Rd2 Ne6 17. Rfd1 b5 18. dxc5 Rxc5 {[%emt 0:06:10] ...b4 is the strong threat.} 19. Qb3 {[%emt 0:01:39] White wants to play Ne4.} Bxc3 20. bxc3 Qc8 21. Nd4 a6 22. Ne2 Rc4 23. Bxd5 Nc5 24. Qc2 Bxd5 25. Rxd5 Ne4 26. R1d4 Rxd4 $1 27. Nxd4 Qb7 28. Rf5 Rc8 29. Ne2 b4 30. c4 Nd6 31. Rf4 Qc7 (31... Qc6 {looks sharper.} 32. Rd4 Nb5 33. Rd1 Nc3) 32. Qb3 (32. Rd4 $5 ) 32... a5 33. Nd4 Qxc4 34. Qa4 $2 (34. Nf5 $11 {and White is okay.} Qxb3 35. axb3 Rc1+ 36. Kg2) 34... Qc1+ $2 (34... Qd5 $19 {( -> ...Rc1+)} 35. Qd1 Qxa2) 35. Kg2 Qc7 36. Kh2 Rd8 ({Black should play} 36... Nc4 $11) 37. Nc6 $1 $14 Rc8 {[%emt 0:00:20] Hoping for ...g5.} 38. Nxa5 Ra8 39. Qc6 $1 Qxa5 40. Qxd6 {[%emt 0:00:01] White is more active.} Qxa2 41. Qxb4 {[%emt 0:30:06][%mdl 4096] Endgame KQR-KQR} (41. Rxb4 {is a self mate.} Qxf2+ 42. Kh3 Qf1+ 43. Kg4 h5+ 44. Kg5 Ra5+) 41... Rc8 42. Qb5 Rd8 43. h5 Qa7 44. Re4 Qa8 45. Qf5 Rd1 46. Qf3 Rf1 47. Rf4 (47. Kg2 {simplifies} Ra1 48. Rf4 Qxf3+ 49. Kxf3 g6 50. hxg6 fxg6 51. Rd4) 47... Qa2 48. Kg2 Rb1 {[%emt 0:00:00] [#]} 49. Rxf7 $3 {[%emt 0:00:00][%mdl 576] Deflection} Qxf7 50. Qa8+ Kh7 51. Qe4+ Kh8 52. Qxb1 {[%emt 0:00:00] And now Qb8+ would win.} Qxh5 $16 {[%emt 0:00:00] KQ-KQ} 53. Qd3 Qe8 54. Qd5 g6 55. Qd4+ Kg8 56. Qf6 Qe4+ 57. Kh2 Qc2 (57... h5 $16 58. Qd4 Qc2) 58. Kh3 (58. Qe6+ $18 {and the rest is easy.} Kg7 59. Kg2) 58... Qb1 59. Qe6+ Kg7 60. Qe7+ Kg8 61. Kg2 {[%emt 0:00:00] Wards off Qh1+} h5 (61... Qb6 $16 62. e4 Qd4 63. Qe6+ Kg7 64. Qe7+ Kg8 65. Qe6+ Kg7) 62. e4 $18 Qd3 63. Qe6+ Kg7 64. Qe5+ $2 (64. e5 $1 $18 {White wants to mate with Qf6+.} Qe4+ 65. Kh2) 64... Kh7 $16 65. Qd5 Qe2 $2 (65... Qb1 $16 66. g4 hxg4) 66. Qf7+ $2 (66. e5 $1 $18 {is the precise move to win. Intending Qf7+ and mate.} Kh6 67. Qd4) 66... Kh6 67. Qf3 Qb2 $2 {[%emt 0:02:51][%mdl 8192] [#]} (67... Qc4 $16 68. e5 Qe6) 68. Qf8+ $1 $18 Kh7 {[%emt 0:00:04] [#]} 69. Qe7+ $1 Kg8 70. e5 {[%emt 0:00:17][%cal Be4e5,Be5e6][%mdl 32] White threatens e6 and mate.} Qc2 71. Qe6+ Kh7 72. Qf7+ Kh6 73. e6 {[%emt 0:01:12] Weighted Error Value: White=0.19 (very precise) /Black=0.16 (very precise)} 1-0

[Event "ETCC Open 2023"]
[Site "Budva"]
[Date "2023.11.11"]
[Round "1.38"]
[White "Stefansson, Vignir Vatnar"]
[Black "Indjic, Aleksandar"]
[Result "0-1"]
[ECO "E05"]
[WhiteElo "2483"]
[BlackElo "2601"]
[Annotator "TA"]
[PlyCount "120"]
[EventDate "2023.11.10"]
[EventType "team-tourn"]
[EventCountry "MNE"]
[SourceTitle "playchess.com"]
[Source "ChessBase"]
[SourceQuality "1"]
[WhiteTeam "Iceland"]
[BlackTeam "Serbia"]
[WhiteTeamCountry "ISL"]
[BlackTeamCountry "SRB"]
[TimeControl "40/5400+30:1800+30"]

1. d4 Nf6 2. c4 e6 3. Nf3 d5 4. g3 Be7 5. Bg2 O-O 6. O-O dxc4 7. Qc2 b6 {[%emt 0:00:45] E05: Open Catalan: 5 Nf3 Be7.} 8. Bg5 Nd5 9. Bxe7 Qxe7 {[%emt 0:00:11] The position is equal.} 10. Rc1 b5 11. b3 (11. a4 $5 ) 11... cxb3 {[%emt 0:00:07] [#]} 12. axb3 $146 ({Predecessor:} 12. Qxb3 a6 13. Ne5 Bb7 14. a4 b4 15. a5 Ra7 16. e4 Nf6 17. Nd2 Rd8 18. Qe3 {1-0 Arabidze,M (2398)-Buksa,N (2410) EU-chT (Women) 22nd 2019 (8.3)}) 12... c6 13. Ne5 Bb7 14. Nd2 Nb4 15. Qc3 N8a6 16. Ne4 f6 17. Nd3 Nxd3 18. Qxd3 Rfd8 (18... Nb4 $5 19. Qe3 Rfe8 $11) 19. Qe3 e5 20. dxe5 Qxe5 21. Qc3 Qxc3 22. Nxc3 Nc5 23. Rab1 Rac8 24. b4 Na6 25. e3 Kf8 26. Ne2 {[%emt 0:00:56][%mdl 1024] White has compensation.} Rd6 27. Nd4 g6 28. g4 Ke7 29. h4 Kd7 30. h5 gxh5 31. Nf5 ({Much weaker is} 31. gxh5 Rg8 32. f3 Rd5 $15) 31... Rd2 32. gxh5 Rg8 33. Ng3 (33. Kf1 $1 $11) 33... Kc7 $15 34. Kf1 $1 ({Don't go for} 34. Ne4 $2 Rxg2+ 35. Kxg2 c5 $19) 34... Rdd8 35. Be4 (35. Ne4 $15) 35... Rd7 ({Black should try} 35... Rg4 $17) 36. Nf5 Kb6 37. Nd4 Rc7 (37... Rg5 $15) 38. Ke2 $11 Re8 39. Bf3 Re5 40. Kd2 Nb8 41. Be2 Rce7 42. Rc3 a5 43. bxa5+ Kxa5 44. f4 $1 Rd5 45. Bf3 Rd8 {[%emt 0:00:34] Black continues to play with concentration.} 46. Rd3 {[%emt 0:00:33] [#] Nb3+ would be deadly.} Kb6 47. Kc2 Na6 48. Rdb3 Nc7 49. h6 (49. Rd1 $17) 49... Nd5 $19 50. Bxd5 Rxd5 51. Rg1 Ba6 {[%emt 0:00:00] And now ...c5 would win.} 52. Rg7 Red7 {[%emt 0:00:00] Hoping for ...c5.} 53. Nf3 Bc8 54. e4 (54. Nd4 $142) 54... Rh5 55. Rg8 Rc7 {[%emt 0:00:00] Threatens to win with ...Be6.} 56. Nd4 {[%emt 0:00:20] Wards off Be6} Rxh6 57. Rf8 Rh2+ 58. Kc3 (58. Kb1 $142 Rd2 59. Nc2) 58... Kc5 59. Rxf6 $2 {[%emt 0:00:53] [#]} (59. Nf3 b4+ 60. Rxb4) 59... b4+ $1 60. Kd3 Rh3+ {[%emt 0:00:00] Weighted Error Value: White=0.21 (precise) /Black=0.10 (very precise)} 0-1

[Event "ETCC Open 2023"]
[Site "Budva"]
[Date "2023.11.11"]
[Round "1.39"]
[White "Markus, Robert"]
[Black "Kjartansson, Gudmundur"]
[Result "1-0"]
[ECO "A14"]
[WhiteElo "2582"]
[BlackElo "2449"]
[Annotator "TA"]
[PlyCount "123"]
[EventDate "2023.11.10"]
[EventType "team-tourn"]
[EventCountry "MNE"]
[SourceTitle "playchess.com"]
[Source "ChessBase"]
[SourceQuality "1"]
[WhiteTeam "Serbia"]
[BlackTeam "Iceland"]
[WhiteTeamCountry "SRB"]
[BlackTeamCountry "ISL"]
[TimeControl "40/5400+30:1800+30"]

1. c4 Nf6 2. g3 e6 3. Bg2 d5 4. Nf3 Be7 5. O-O O-O 6. d3 c5 7. Ne5 {[%emt 0:00:20] A14: English Opening: 1...e6 with b3 by White.} Nbd7 (7... Qc7 $5 8. f4 Rd8 $11) 8. Nxd7 Bxd7 9. e4 {[%emt 0:00:45][%cal Rc4d5] The position is equal.} Bc6 10. Qe2 dxc4 11. dxc4 {[%emt 0:00:10] [#]} Qc8 $146 ({Predecessor:} 11... Nd7 12. f4 Qc7 13. Nc3 Rad8 14. Be3 Bf6 15. e5 Bxg2 16. Qxg2 Be7 17. Qe4 a6 {1-0 Bernadskiy,V (2530)-Gavrilescu,D (2526) Rubinstein Memorial 59th 2023 (3)}) 12. Nc3 b6 13. b3 Nd7 14. f4 Bb7 15. Bb2 Nb8 16. Qg4 {[%emt 0:15:48][%cal Oc3d5] Threatens to win with Nd5!} g6 {[%emt 0:07:43] [#]} (16... f6 $16) 17. Rad1 (17. f5 $1 $18) 17... Nc6 $14 18. Nb5 {[%emt 0:00:46] Hoping for f5.} a6 19. Nd6 Bxd6 20. Rxd6 {[%emt 0:00:10] aiming for Bf6.} Rd8 21. Be5 {[%emt 0:11:55] White is much more active.} ({White should try} 21. e5 $16) 21... Rxd6 $15 22. Bxd6 {[%emt 0:00:07] This pair of bishops is nice.} Qd7 23. e5 Nd4 24. Qh3 Nf5 {[%emt 0:04:16] ...Ne3 is the strong threat.} 25. g4 {[%emt 0:02:08] Bxb7 would be deadly.} Nd4 26. Bxb7 Qxb7 27. Qg2 Qxg2+ 28. Kxg2 $11 {[%emt 0:00:06][%mdl 4096] Endgame KRB-KRN} a5 29. Rb1 h5 30. h3 Ra7 31. a3 Kg7 32. Kf2 hxg4 33. hxg4 g5 34. fxg5 Kg6 35. Rb2 Kxg5 36. Kg3 Nc6 37. a4 Nd4 38. Rf2 Rd7 39. Kh3 Kg6 40. Kh4 Nc6 41. g5 Nd4 {[%emt 0:06:13] White must now prevent ...Nf5+.} 42. Rf6+ Kg7 {[%emt 0:00:20] With the idea ...Nf5+.} 43. Kg4 Nc6 44. Kh5 Nd8 45. g6 fxg6+ (45... Rxd6 $2 46. gxf7 Nxf7 47. Rg6+ Kf8 48. exd6 $18) 46. Rxg6+ Kf7 $2 {[%emt 0:00:29][%mdl 8192] [#] Loses the game.} (46... Kh8 $11) 47. Kh6 $1 $18 {[%emt 0:01:29] White threatens Rf6+ and mate.} Rxd6 {[%emt 0:01:38] KRN-KR} 48. Rg7+ {[%emt 0:03:39] White mates.} Kf8 49. exd6 {[%emt 0:00:05] KR-KN} Nf7+ 50. Kg6 Nxd6 51. Ra7 Ne4 52. Rb7 Ke8 53. Rxb6 Ke7 54. Ra6 Nd2 55. Rxa5 Nxb3 56. Rb5 {[%emt 0:00:20][%mdl 64] Deflection} Nd4 57. Rb6 Nf3 58. a5 Ne5+ 59. Kg5 Nxc4 60. Rb7+ Kd6 61. a6 Kc6 62. Rb8 {[%emt 0:00:41] Weighted Error Value: White=0.08 (flawless) /Black=0.18 (very precise)} 1-0

[Event "ETCC Open 2023"]
[Site "Budva"]
[Date "2023.11.11"]
[Round "1.40"]
[White "Heimisson, Hilmir Freyr"]
[Black "Ivic, Velimir"]
[Result "0-1"]
[ECO "A29"]
[WhiteElo "2377"]
[BlackElo "2557"]
[Annotator "RC"]
[PlyCount "108"]
[EventDate "2023.11.10"]
[EventType "team-tourn"]
[EventCountry "MNE"]
[SourceTitle "playchess.com"]
[Source "ChessBase"]
[SourceQuality "1"]
[WhiteTeam "Iceland"]
[BlackTeam "Serbia"]
[WhiteTeamCountry "ISL"]
[BlackTeamCountry "SRB"]
[TimeControl "40/5400+30:1800+30"]

1. c4 e5 2. Nc3 Nf6 3. Nf3 Nc6 4. g3 Nd4 5. Bg2 Nxf3+ 6. Bxf3 Bb4 7. Qb3 a5 8. O-O O-O 9. d4 exd4 10. Nb5 Bc5 11. Bf4 d6 12. Rfd1 Ng4 13. Nxd4 Qf6 14. Qc3 g5 15. Bxg4 Bxg4 16. Be3 Rfe8 17. f3 Bd7 18. Bf2 g4 19. Nb5 Bxf2+ 20. Kxf2 Qh6 21. h4 Bxb5 22. cxb5 Re5 23. f4 Rc5 24. Qd3 Re8 25. Rac1 Qe6 26. Rxc5 dxc5 27. b3 a4 28. Rc1 axb3 29. axb3 b6 30. Rc4 Qe7 31. Ra4 h5 32. Ra2 Kg7 33. Qc3+ Kg6 34. Qd3+ Qe4 35. Ra7 Qxd3 36. exd3 Rc8 37. Ke3 Kf5 38. d4 cxd4+ 39. Kxd4 Rd8+ 40. Ke3 Rd7 41. b4 Re7+ 42. Kd3 f6 43. Rb7 Re1 44. Rxc7 Rg1 45. Kd4 Rxg3 46. Kd5 Rb3 47. Kc6 Rxb4 48. Kxb6 g3 49. Rg7 Kxf4 50. Kc5 Rb1 51. Rg6 Kf3 52. Rxf6+ Kg4 53. b6 g2 54. Rg6+ Kh3 0-1

[Event "ETCC Open 2023"]
[Site "Budva"]
[Date "2023.11.11"]
[Round "1.41"]
[White "Dardha, Daniel"]
[Black "Teclaf, Pawel"]
[Result "1-0"]
[ECO "A11"]
[WhiteElo "2575"]
[BlackElo "2571"]
[Annotator "TA"]
[PlyCount "83"]
[EventDate "2023.11.10"]
[EventType "team-tourn"]
[EventCountry "MNE"]
[SourceTitle "playchess.com"]
[Source "ChessBase"]
[SourceQuality "1"]
[WhiteTeam "Belgium"]
[BlackTeam "Poland"]
[WhiteTeamCountry "BEL"]
[BlackTeamCountry "POL"]
[TimeControl "40/5400+30:1800+30"]

1. c4 c6 2. Nf3 d5 3. e3 Nf6 4. Qc2 Bg4 5. Ne5 Be6 6. d4 {[%emt 0:02:38] [#] A11: English Opening: 1...c6.} dxc4 $146 ({Predecessor:} 6... g6 7. cxd5 Nxd5 8. Nd3 Bg7 9. Nd2 O-O 10. Be2 a5 11. a3 Nd7 12. O-O Qb8 13. Rb1 {0-1 Deac,B (2572)-Fedoseev,V (2690) EU-ch 18th Minsk 2017 (8)}) 7. Bxc4 Bxc4 8. Qxc4 {[%emt 0:00:54][%csl Ge5][%cal Rc4f7] White is slightly better.} e6 9. O-O Nbd7 10. Nxd7 Qxd7 11. Nc3 Be7 12. Rd1 a5 13. Qe2 O-O 14. e4 b5 15. Bg5 h6 16. Bh4 Qb7 17. e5 Nd5 18. Nxd5 cxd5 19. Bxe7 Qxe7 20. Rac1 Rfc8 21. Qxb5 Rxc1 22. Rxc1 Qb4 23. Qxb4 axb4 $11 {[%emt 0:00:04][%mdl 4096] Endgame KR-KR} 24. Ra1 Rc8 (24... Ra4 $11) 25. a4 $16 bxa3 26. bxa3 Rc4 (26... g6 $16 {was necessary.} 27. Kf1 Kf8) 27. a4 $18 Rxd4 $2 (27... Kf8 28. a5 Rc7) 28. a5 {[%emt 0:00:05] aiming for a6.} Rc4 29. a6 {[%emt 0:02:31] And now a7 would win.} Rc8 30. Rb1 $2 (30. a7 Ra8 $16) (30. f4 $18) 30... Ra8 $14 31. Rb6 Rc8 32. f4 {[%emt 0:01:34][%cal Bf2f4,Bf4f5][%mdl 32] Hoping for a7.} Rc1+ 33. Kf2 Ra1 {[%emt 0:01:33] [#]} 34. Ke3 (34. g4 $1 $16) 34... Ra4 {[%emt 0:02:12] [#]} (34... g5 $1 $14) 35. g4 $1 $16 {[%emt 0:07:41] Threatens to win with f5.} Kh7 $2 {[%emt 0:02:56][%mdl 8192] This costs Black the game.} (35... g6 $16 36. Rb8+ Kg7) 36. f5 $18 {[%emt 0:05:21] White is clearly winning.} Rxg4 37. a7 (37. fxe6 fxe6 38. Rxe6 Ra4 $16) 37... Ra4 38. Rb7 ({Weaker is} 38. fxe6 fxe6 39. Rxe6 (39. Rb7 Kg6 $15) 39... Rxa7 $11) 38... d4+ 39. Kd3 exf5 40. Rxf7 Kg6 41. e6 f4 42. Rc7 {[%emt 0:00:00] Weighted Error Value: White=0.17 (very precise) /Black=0.44} ({Inferior is} 42. Rxf4 Rxa7 43. Kc4 Ra2 $15) 1-0

[Event "ETCC Open 2023"]
[Site "Budva"]
[Date "2023.11.11"]
[Round "1.42"]
[White "Bartel, Mateusz"]
[Black "Glek, Igor"]
[Result "1-0"]
[ECO "A80"]
[WhiteElo "2651"]
[BlackElo "2435"]
[Annotator "TA"]
[PlyCount "103"]
[EventDate "2023.11.10"]
[EventType "team-tourn"]
[EventCountry "MNE"]
[SourceTitle "playchess.com"]
[Source "ChessBase"]
[SourceQuality "1"]
[WhiteTeam "Poland"]
[BlackTeam "Belgium"]
[WhiteTeamCountry "POL"]
[BlackTeamCountry "BEL"]
[TimeControl "40/5400+30:1800+30"]

1. d4 f5 2. Bg5 g6 3. Nc3 Bg7 4. Nf3 h6 5. Bd2 e6 6. e4 $1 {[%emt 0:00:33] [#] A80: Dutch Defence: Unusual White second moves.} Ne7 $146 ({Predecessor:} 6... fxe4 7. Nxe4 d5 8. Ng3 Nc6 9. Bd3 Nge7 10. c3 O-O 11. O-O Nf5 12. Qc2 g5 {1-0 Roiz,M (2579)-Moussard,J (2635) EU-Cup Online Gr-E rapid 2021 (4.2)}) 7. exf5 exf5 8. h4 {[%emt 0:04:54] White is better.} d5 9. Bf4 a6 {[%emt 0:14:35] Wards off Nb5} 10. Qe2 O-O 11. O-O-O Nbc6 12. g3 Bd7 13. Bg2 Be8 14. Ne5 Nxe5 15. dxe5 c6 16. Qe3 {[%emt 0:00:07] Black is weak on the dark squares} Kh7 17. Na4 {[%emt 0:00:06] Nb6 is the strong threat.} Qa5 18. b3 {[%emt 0:04:56] Strongly threatening Qb6.} b5 19. Qc5 Qd8 20. Nb2 (20. Nb6 Rb8 $15) 20... Nc8 21. Nd3 Rf7 22. e6 (22. Rhe1 $16) 22... Rb7 23. Rhe1 a5 24. Be5 b4 25. Bxg7 Rxg7 26. Qd4 Nd6 27. Qe5 (27. Nf4 $1 $14) 27... Raa7 $2 (27... Qe7 $11) 28. Nf4 $1 $18 {[%emt 0:00:23][%cal Og2d5] Hoping for Bxd5!} a4 {[%emt 0:00:23] [#]} (28... Ne4 $142) 29. Bxd5 $1 cxd5 30. Nxd5 (30. Rxd5 axb3 31. Qxd6 (31. Rxd6 Qc7 $11) 31... Qxd6 32. Rxd6 Rxa2 33. cxb3 Rc7+ 34. Kd1 g5 $11) 30... axb3 31. axb3 (31. Nf6+ $6 Kh8 32. Rxd6 (32. Qxd6 $2 Qxf6 33. Qd4 Qxd4 $19) 32... Qc7 33. axb3 (33. Nxe8 $2 Qxc2#) 33... Ra2 $16) 31... Kh8 32. Nxb4 $2 (32. Ne3 $18) 32... Qb6 $11 33. Nd5 Qc5 34. Nf6 {[%emt 0:00:33] Prevents Ne4} Qa3+ (34... Qxf2 $2 35. Rxd6 $18 (35. Qxd6 Ra1+ 36. Kb2 Ra2+ {[%mdl 64] Skewer, Decoy} 37. Kxa2 Qxc2+ 38. Ka3 Ra7+) (35. Qxd6 Ra1+ 36. Kb2 Ra2+ {[%mdl 64] Skewer, Decoy} 37. Kxa2 Qxc2+ 38. Ka3 Ra7+ 39. Kb4 Rb7+ {[%mdl 64] Skewer} 40. Ka5 Qa2+)) (34... Qxe5 $1 $11 {and Black is okay.} 35. Rxe5 Ra1+ 36. Kd2 Rxd1+ 37. Kxd1 Re7) 35. Qb2 $18 {[%emt 0:01:44][%cal Od1d6] aiming for Rxd6!} Qb4 36. Nxe8 $2 (36. e7 $18 Qa5 37. Kb1) 36... Nxe8 $15 37. Re3 Kh7 (37... Kg8 {with more complications.} 38. Rd8 Rge7 39. Qe5 h5) 38. Rd7 Qb6 ({Better is} 38... Re7 $17 39. Qd4 (39. Rd8 Qb5 $17) 39... Qxd4 40. Rxd4 Kg7) 39. h5 gxh5 {[%emt 0:00:22] Black wants to play ...f4.} 40. Qe5 Ra5 41. Rd5 {[%emt 0:30:25] Some like it hot} Rxd5 42. Qxd5 Qa6 {[%emt 0:14:10] And now ...Kg6 would win.} 43. Qxf5+ Kg8 44. Qxh5 Nf6 45. Qe5 {[%emt 0:00:00] Active counter play!} (45. Qf3 $5 Qa1+ 46. Kd2 Qa5+ 47. Kd1 Qa1+ 48. Kd2 Qa5+ 49. c3 $16) 45... Qf1+ $1 46. Kb2 Qxf2 47. Rd3 ({But not} 47. e7 $6 Ne8 $16) 47... Re7 $2 {[%emt 0:07:07][%mdl 8192] [#]} (47... Rg5 $11 48. Rd8+ (48. Qc7 Ne8 $11) 48... Kh7) 48. Rd4 $1 $18 {[%emt 0:00:00] Black must now prevent Rf4.} Ne8 {[%emt 0:00:45] [#]} 49. Rf4 $1 Qa7 {[%emt 0:00:44] [#]} 50. Rf8+ $3 {[%emt 0:00:16][%mdl 576] Decoy, Back Rank} Kh7 51. Qh8+ (51. g4 $142 Rg7 52. Qe4+ Rg6 53. Rf7+ Qxf7 54. exf7 Nd6 55. f8=N+ {[%mdl 64] Pin, Double Attack} Kg8 56. Qxg6+ Kxf8 57. Qxd6+ Kf7 58. c4) 51... Kg6 52. Rxe8 {[%emt 0:00:10] Artfully played by Bartel.   Weighted Error Value: White=0.28 (precise) /Black=0.41} 1-0

[Event "ETCC Open 2023"]
[Site "Budva"]
[Date "2023.11.11"]
[Round "1.43"]
[White "Beukema, Jasper"]
[Black "Socko, Bartosz"]
[Result "1/2-1/2"]
[ECO "B23"]
[WhiteElo "2357"]
[BlackElo "2545"]
[Annotator "RC"]
[PlyCount "187"]
[EventDate "2023.11.10"]
[EventType "team-tourn"]
[EventCountry "MNE"]
[SourceTitle "playchess.com"]
[Source "ChessBase"]
[SourceQuality "1"]
[WhiteTeam "Belgium"]
[BlackTeam "Poland"]
[WhiteTeamCountry "BEL"]
[BlackTeamCountry "POL"]
[TimeControl "40/5400+30:1800+30"]

1. e4 c5 2. Nc3 Nc6 3. Bb5 Nd4 4. Bc4 e6 5. Nge2 Nf6 6. O-O a6 7. d3 b5 8. Bb3 Nxb3 9. axb3 Bb7 10. f4 d5 11. e5 d4 12. exf6 dxc3 13. fxg7 Bxg7 14. Nxc3 Bd4+ 15. Kh1 Bxc3 16. bxc3 Rg8 17. Rf2 Qh4 18. Qe2 O-O-O 19. Be3 Rg4 20. Rf3 Rdg8 21. Rg1 R8g6 22. f5 exf5 23. Bf2 Qd8 24. Rg3 Re6 25. Re3 Qd5 26. Rxe6 fxe6 27. Bg3 Rg6 28. c4 bxc4 29. bxc4 Qd4 30. Be5 Qd7 31. Qe3 Qc6 32. Bg3 Kd7 33. Qe5 Rg8 34. Qf6 Ke8 35. Bh4 Qd6 36. Bg5 Rg6 37. Qh8+ Kf7 38. Qxh7+ Rg7 39. Qh5+ Rg6 40. Qh4 Qd4 41. Qxd4 cxd4 42. h4 e5 43. Rb1 Bc6 44. Ra1 Bb7 45. Kh2 Rb6 46. Ra5 Re6 47. h5 Kg7 48. Bd8 Kh6 49. Bc7 Kxh5 50. Rxe5 Rxe5 51. Bxe5 Bc6 52. Kg3 Ba4 53. c5 a5 54. c3 dxc3 55. Bxc3 Kg5 56. Bd2+ Kf6 57. Bxa5 Bc6 58. Bd2 Ke6 59. Be3 Bb5 60. d4 Bc6 61. Kf2 Kd5 62. g3 Ke6 63. Ke2 Be4 64. Kd2 Bc6 65. Kc3 Bd5 66. Kb4 Kd7 67. Kb5 Bc6+ 68. Kb6 Bd5 69. Bf4 Bc6 70. Be5 Bd5 71. Kb5 Bc6+ 72. Kc4 Ke6 73. Kd3 Bd5 74. Ke3 Bc6 75. Kf4 Bd5 76. Kg5 Be4 77. Bd6 Bd5 78. Kf4 Bc6 79. Kg5 Bd5 80. Kg6 Be4 81. Kg7 Bd5 82. Kf8 Bc6 83. Bf4 Bb5 84. Be3 Bc6 85. Bg1 Bb5 86. Be3 Bc6 87. d5+ Kxd5 88. Ke7 Bb5 89. Kf6 Bd3 90. Bf2 Kc6 91. Be3 Bc2 92. Bf2 Bd3 93. Be3 Bc2 94. Bf2 1/2-1/2

[Event "ETCC Open 2023"]
[Site "Budva"]
[Date "2023.11.11"]
[Round "1.44"]
[White "Gumularz, Szymon"]
[Black "Lenaerts, Lennert"]
[Result "1-0"]
[ECO "A17"]
[WhiteElo "2580"]
[BlackElo "2322"]
[Annotator "TA"]
[PlyCount "155"]
[EventDate "2023.11.10"]
[EventType "team-tourn"]
[EventCountry "MNE"]
[SourceTitle "playchess.com"]
[Source "ChessBase"]
[SourceQuality "1"]
[WhiteTeam "Poland"]
[BlackTeam "Belgium"]
[WhiteTeamCountry "POL"]
[BlackTeamCountry "BEL"]
[TimeControl "40/5400+30:1800+30"]

1. c4 Nf6 2. Nf3 e6 3. Nc3 d5 4. e3 a6 5. b3 Bd6 6. g3 {[%emt 0:01:34] A17: English Opening: 1...Nf6 with ...Bb4.} O-O 7. Bg2 Re8 8. O-O {[%emt 0:04:03] The position is equal.} b6 9. cxd5 exd5 10. Bb2 Bb7 11. Rc1 Nbd7 12. Ne2 {[%emt 0:02:40] [#]} c6 $146 ({Predecessor:} 12... Rc8 13. d4 Ne4 14. Bh3 c5 15. dxc5 bxc5 16. Nf4 Bxf4 17. exf4 Rc7 18. b4 c4 {0-1 Iturrizaga Bonelli,E (2630)-Korobov,A (2671) ESP-chT CECLUB Honor 2022 (7.1)}) 13. Nf4 Rc8 14. d4 a5 15. Re1 Qe7 16. Re2 Ba3 17. Bh3 Bxb2 18. Rxb2 Ra8 19. Nd3 Ne4 20. Rbc2 f6 (20... Nb8 $1 $11) 21. Nf4 {[%emt 0:02:17] aiming for Be6+.} (21. Rxc6 {keeps more tension.} Bxc6 22. Rxc6 Nf8 23. Nf4) 21... Red8 (21... g5 $14) 22. Rxc6 Bxc6 23. Rxc6 Nf8 {[%emt 0:00:42] Black is weak on the light squares} 24. Qc2 $1 (24. Rxb6 $6 Qc7 25. Be6+ Nxe6 26. Rxe6 Qd7 $15) 24... Ra7 (24... Rd6 $142) 25. Rxb6 {[%emt 0:01:57] White is more active.} Rc7 26. Rc6 Rxc6 27. Qxc6 Qd6 ({Better is} 27... Rd6 28. Qc2 (28. Nxd5 Qf7 $11) 28... Ng6) 28. Qb5 (28. Qc2 $16) 28... Qb4 (28... Qa3 $11 {keeps the balance.}) 29. Qxb4 (29. Qd3 $1 $16) 29... axb4 $11 30. Nd3 Rb8 31. Nfe1 {[%emt 0:04:34] Threatens to win with Nc2.} Nc3 32. Bg2 Rb5 $1 33. Nc5 Kf7 34. Ned3 Ne6 35. Na6 $1 Nxa2 36. Ndc5 $1 Nxc5 $1 (36... Nc3 37. Nxe6 Kxe6 38. Nc7+ Kd6 39. Nxb5+ Nxb5 40. Bf1 $16) 37. dxc5 {[%emt 0:02:19][%mdl 4096] Endgame Strongly threatening c6. KRN-KBN} Ke7 $1 38. Bxd5 Nc1 $2 (38... Ra5 $15 {stays ahead.} 39. Bb7 Nc3) 39. Bc4 $16 Ra5 (39... Rb7 $16) 40. c6 $18 {[%emt 0:00:13] Black must now prevent c7.} ({Worse is} 40. Nxb4 Rxc5 41. Kg2 Kd6 $11) 40... Rxa6 41. Bxa6 {[%emt 0:30:08] KB-KN} Kd6 42. Bc4 Kxc6 43. g4 g5 44. Kg2 Na2 45. f4 Nc3 46. Kf3 {[%emt 0:00:06] Prevents Ne4} (46. h4 $142) 46... Kc5 (46... h6 $16 {is a better defense.}) 47. Bd3 (47. h4 $1 $18 {[%cal Rh4g5] and White stays clearly on top.}) 47... h6 $16 48. Bc4 Nb1 {[%emt 0:01:31] [#]} (48... Kd6 $142) 49. Bg8 (49. Ke2 $142 $1) 49... Nc3 50. Be6 Kd6 51. Bf7 Kc5 52. Bg8 Kd6 53. Bh7 Kc5 54. Bd3 Kd5 55. Ba6 Kc5 56. Bc4 (56. Bb7 $142) 56... Nb1 {[%emt 0:00:00] [#] ...Nd2+ would be deadly. Black is now going downhill.} 57. Ke2 {[%emt 0:00:07] Against Nd2} gxf4 (57... Nc3+ $16 58. Kd3 Nb1) 58. exf4 $18 Kd4 $2 (58... Nc3+ 59. Kd3 Nd1) 59. Bg8 (59. h4 $142 Nc3+ 60. Kf3) 59... Nc3+ 60. Kf3 {[%emt 0:00:04] h4 is the strong threat.} Ne4 $2 (60... Kc5 61. Ke3 Kd6) 61. h4 Nd2+ 62. Ke2 Ne4 $2 (62... Nb1 63. Bh7 Nc3+ 64. Kf3 Kd5 65. Bg8+ Kd6) 63. h5 Nc5 {[%emt 0:00:15] [#]} 64. g5 $1 {[%emt 0:03:46][%mdl 512] White mates.} fxg5 65. fxg5 Ke5 66. gxh6 Kf6 67. Ke3 Nb7 68. Kd4 Nd6 69. Kc5 Nf5 70. Kxb4 Nxh6 71. Bd5 Ng4 72. Kc5 Ne5 73. Be4 Nd7+ 74. Kd6 Ne5 75. b4 Nc4+ 76. Kc5 Na3 77. h6 Kf7 78. Bd3 {[%emt 0:00:15] Weighted Error Value: White=0.20 (precise) /Black=0.22 (precise)} ({And not} 78. b5 Nxb5 79. Bh7 (79. Kxb5 Kg8 $11) 79... Nc7 $11) 1-0